AoeStats
← 76896859

Arena

505690082Analyzed
1v1 RM · 21d ago on Sep 10, 2026· 44m 20s· 2 players
Game mode
Random Map
Map size
Tiny (2 player)
Population
200
Speed
Normal
Resources
Standard
Victory
Conquest
Starting age
Dark Age
Ending age
Imperial Age
RankedLock teamsTeams togetherTeam positionsShared explorationLock speedFull tech treeHidden civsTurbo modeCheats
Victory
Defeat
🇦🇲 Armenians · Armenia
1015
+16
🇨🇳 Britons · China
1011
-16
76896859
4:18 Loom
13:41 Feudal Age
17:58 Castle Age
15:47 Double-Bit Axe
15:45 Horse Collar
16:37 Stone Mining
16:41 Gold Mining
19:10 Wheelbarrow
18:44 Heavy Plow
18:56 Bow Saw
22:55 Town Watch
26:32 Gold Shaft Mining
27:05 Hand Cart
29:16 Fletching
29:59 Yeomen
30:59 Yeomen
33:12 Imperial Age
30:58 Bodkin Arrow
31:04 Padded Archer Armor
30:44 Elite Skirmisher
32:48 Leather Archer Armor
33:20 Elite Longbowman
34:21 Conscription
34:23 Pikeman
38:29 Two-Man Saw
37:37 Crossbowman
38:49 Bracer
39:20 Ring Archer Armor
40:35 Forging
40:28 Squires
44:29 Chemistry
43:50 Ballistics
ssdigger
11:19 Feudal Age
15:47 Castle Age
13:42 Double-Bit Axe
14:06 Horse Collar
15:13 Scale Mail Armor
16:11 Forging
17:33 Squires
18:54 Bow Saw
21:37 Fervor
21:14 Man-at-Arms
21:54 Loom
22:10 Long Swordsman
22:35 Gambesons
23:58 Arson
25:44 Wheelbarrow
24:57 Town Watch
25:29 Two-Handed Swordsman
27:16 Chain Mail Armor
27:32 Fletching
28:06 Hand Cart
29:10 Iron Casting
32:52 Imperial Age
31:31 Bodkin Arrow
31:16 Champion
31:24 Elite Skirmisher
33:25 Padded Archer Armor
35:04 Chemistry
34:15 Masonry
34:29 Bracer
35:30 Blast Furnace
35:01 Plate Mail Armor
35:05 Conscription
35:21 Fereters
38:09 Leather Archer Armor
40:09 Ring Archer Armor
41:29 Hoardings
Connection lost

Rejoining the realm…

Still unreachable

The connection could not be restored.

Session expired

The server has moved on; the page needs a fresh start.